 Dungeon Crawl Stone Soup version 0.27.0-1-g7a089689b8 (webtiles) character file.

Game seed: 204308281535450772

257936 tilp the Earth Mage (level 19, -12/116 HPs)
             Began as a Gargoyle Earth Elementalist on Aug 6, 2021.
             Was the Champion of Vehumet.
             Killed from afar by a tengu reaver (29 damage)
             ... with a bolt of acid
             ... on level 2 of the Vaults.
             The game lasted 01:51:36 (54212 turns).

tilp the Earth Mage (Gargoyle Earth Elementalist)  Turns: 54212, Time: 01:51:37

Health: -12/116    AC: 31    Str: 12    XL:     19   Next: 85%
Magic:  37/37      EV: 15    Int: 30    God:    Vehumet [******]
Gold:   895        SH:  8    Dex: 13    Spells: 1/46 levels left

rFire    . . .     SeeInvis .   a - +5 demon whip (elec)
rCold    . . .     Faith    +   t - +3 buckler {AC+3}
rNeg     + . .     Spirit   .   L - +2 robe of Roil Nohuriwk {rElec rF- Int+6}
rPois    ∞         Reflect  .   (helmet restricted)
rElec    +         Harm     .   b - +2 cloak {Will+}
rCorr    .         Rampage  .   x - +2 pair of gloves {archery}
Will     +++..                  N - +2 pair of boots
Stlth    ++........             T - amulet of the Sparrow {Faith rC- Will+ Regen+}
HPRegen  1.29/turn              M - ring of Conversion {rPois rC+ Dex+3 Slay+4}
MPRegen  0.25/turn              s - ring of protection from fire

@: flying, studying Summonings
A: sickness immunity, AC +14, big wings, negative energy resistance 1,
electricity resistance, torment resistance 1, petrification resistance, beak
}: 2/15 runes: barnacled, gossamer
a: Renounce Religion


You were on level 2 of the Vaults.
You worshipped Vehumet.
Vehumet was exalted by your worship.
You visited 6 branches of the dungeon, and saw 33 of its levels.
You also visited: Ossuary and Volcano.

You collected 3486 gold pieces.
You spent 2591 gold pieces at shops.

Inventory:

Hand Weapons
 a - a +5 demon whip of electrocution (weapon)
Missiles
 n - 7 silver boomerangs
 r - 19 javelins
 u - 67 boomerangs (quivered)
 v - 13 silver javelins
 z - 11 throwing nets
 C - a curare-tipped dart
Armour
 b - a +2 cloak of willpower (worn)
 g - a +1 robe of fire resistance
 t - a +3 buckler of protection (worn)
 x - a +2 pair of gloves of archery (worn)
 L - the +2 robe of Roil Nohuriwk (worn) {rElec rF- Int+6}
   (You found it on level 8 of the Dungeon)

   Int:       It affects your intelligence (+6).
   rF:        It makes you vulnerable to fire.
   rElec:     It insulates you from electricity.
 N - a +2 pair of boots (worn)
 P - a +2 cloak of preservation
Jewellery
 o - a ring of protection from cold
 s - a ring of protection from fire (right hand)
 K - a ring of see invisible
 M - the ring of Conversion (left hand) {rPois rC+ Dex+3 Slay+4}
   (You acquired it on level 9 of the Dungeon)

   [ring of slaying]

   Dex:       It affects your dexterity (+3).
   Slay:      It affects your accuracy & damage with ranged weapons and melee
   (+4).
   rC:        It protects you from cold.
   rPois:     It protects you from poison.
 T - the amulet of the Sparrow (around neck) {Faith rC- Will+ Regen+}
   (You found it on level 1 of the Lair of Beasts)

   [amulet of faith]

   It allows you to gain divine favour quickly.
   rC:        It makes you vulnerable to cold.
   Regen:     It increases your rate of health regeneration.
   Will:      It increases your willpower.
Wands
 f - a wand of iceblast (33)
 i - a wand of polymorph (3)
 m - a wand of flame (78)
 p - a wand of acid (30)
 y - a wand of mindburst (41)
 A - a wand of digging (1)
 J - a wand of charming (10)
 S - a wand of paralysis (25)
Scrolls
 c - 2 scrolls of blinking
 d - 7 scrolls of teleportation
 e - 7 scrolls of amnesia
 w - 2 scrolls of holy word
 O - 3 scrolls of fog
 U - 3 scrolls of fear
 V - 4 scrolls of magic mapping
 Z - 2 scrolls of silence
Potions
 j - 5 potions of magic
 k - 16 potions of heal wounds
 l - 5 potions of lignification
 q - 12 potions of curing
 B - 3 potions of mutation
 D - 6 potions of haste
 E - 9 potions of brilliance
 F - 5 potions of might
 G - 5 potions of cancellation
 H - 5 potions of attraction
 I - 6 potions of ambrosia
 R - 2 potions of invisibility
 Y - 2 potions of resistance
Miscellaneous
 h - a piece from Xom's chessboard (15/15)
 Q - a box of beasts
 W - a phantom mirror
 X - a lightning rod (4/4)


   Skills:
 - Level 12.0 Fighting
 - Level 12.0 Maces & Flails
 - Level 4.0 Armour
 - Level 8.0 Dodging
 - Level 4.0 Stealth
 - Level 4.0 Shields
 + Level 14.3 Spellcasting
 + Level 13.7 Conjurations
 + Level 3.9 Necromancy
 - Level 4.0 Translocations
 - Level 8.0 Transmutations
 - Level 8.0 Fire Magic
 + Level 17.8 Earth Magic
 - Level 8.0 Evocations


You had one spell level left.
You knew the following spells:

 Your Spells              Type           Power      Damage    Failure   Level
a - Iron Shot             Conj/Erth      43%        9d8       1%          6
b - Borgnjor's Vile Clut  Necr/Erth      36%        N/A       1%          5
c - Stone Arrow           Conj/Erth      100%       3d13      0%          3
d - Petrify               Tmut/Erth      78%        N/A       1%          4
e - Bolt of Magma         Conj/Fire/Erth 39%        4d17      1%          5
f - Lee's Rapid Deconstr  Erth           45%        3d23*     1%          5
g - Irradiate             Conj/Tmut      36%        3d26      1%          5
h - Blink                 Tloc           N/A        N/A       1%          2
i - Passwall              Tmut/Erth      65%        N/A       0%          2
j - Lehudib's Crystal Sp  Conj/Erth      43%        10d10     6%          8

Your spell library contained the following spells:

 Spells                   Type           Power      Damage    Failure   Level
 Ignition                 Fire           31%        3d10      78%         8
 Fire Storm               Conj/Fire      36%        8d9       99%         9
 Maxwell's Capacitive Co  Air            10%        ∞         100%        8
 Sandblast                Erth           100%       2d20      0%          1
 Apportation              Tloc           90%        N/A       1%          1
 Beastly Appendage        Tmut           100%       N/A       1%          1
 Foxfire                  Conj/Fire      100%       2x1d9     1%          1
 Freeze                   Ice            84%        1d10      1%          1
 Sting                    Tmut/Pois      100%       1d8       1%          1
 Corona                   Hex            23%        N/A       2%          1
 Corpse Rot               Necr/Air       N/A        N/A       1%          2
 Poisonous Vapours        Pois/Air       42%        N/A       1%          2
 Conjure Flame            Conj/Fire      72%        6-21      1%          3
 Frozen Ramparts          Ice            42%        1d6       1%          3
 Ignite Poison            Fire/Tmut/Pois 52%        N/A       1%          3
 Inner Flame              Hex/Fire       45%        N/A       1%          3
 Lesser Beckoning         Tloc           22%        N/A       1%          3
 Spider Form              Tmut/Pois      22%        N/A       1%          3
 Animate Armour           Summ/Erth      100%       N/A       1%          4
 Hailstorm                Conj/Ice       58%        3d13      1%          4
 Leda's Liquefaction      Hex/Erth       33%        N/A       1%          4
 Sticky Flame             Conj/Fire      72%        2d9       1%          4
 Fireball                 Conj/Fire      36%        3d15      1%          5
 Iskenderun's Battlesphe  Conj           81%        2d13      1%          5
 Lightning Bolt           Conj/Air       29%        1d45      1%          5
 Starburst                Conj/Fire      36%        8x6d11    1%          6
 Orb of Destruction       Conj           40%        9d14      1%          7
 Blade Hands              Tmut           31%        N/A       2%          5
 Freezing Cloud           Conj/Ice/Air   24%        6-21      2%          5
 Ensorcelled Hibernation  Hex/Ice        42%        N/A       3%          2
 Portal Projectile        Hex/Tloc       66%        N/A       3%          3
 Yara's Violent Unravell  Hex/Tmut       22%        3d10      3%          5
 Animate Dead             Necr           22%        N/A       4%          4
 Passage of Golubria      Tloc           N/A        N/A       4%          4
 Airstrike                Air            10%        N/A       6%          4
 Olgreb's Toxic Radiance  Pois           21%        N/A       6%          4
 Ozocubu's Armour         Ice            21%        N/A       7%          3
 Summon Guardian Golem    Hex/Summ       21%        N/A       7%          3
 Swiftness                Air            21%        N/A       7%          3
 Tukima's Dance           Hex            21%        N/A       7%          3
 Alistair's Intoxication  Tmut/Pois      30%        N/A       12%         5
 Excruciating Wounds      Necr           22%        N/A       12%         5
 Manifold Assault         Tloc           45%        N/A       12%         5
 Cause Fear               Hex            10%        N/A       22%         4
 Summon Lightning Spire   Summ/Air       21%        N/A       22%         4
 Spellforged Servitor     Conj/Summ      29%        N/A       28%         7
 Shatter                  Erth           45%        3d35*     36%         9
 Metabolic Englaciation   Hex/Ice        10%        N/A       54%         5
 Death Channel            Necr           22%        N/A       56%         6
 Dragon Form              Tmut           31%        N/A       58%         7
 Simulacrum               Ice/Necr       16%        N/A       83%         6
 Invisibility             Hex            10%        N/A       98%         6
 Shadow Creatures         Summ           N/A        N/A       98%         6
 Ozocubu's Refrigeration  Ice            10%        4d7       98%         7
 Storm Form               Tmut/Air       22%        N/A       98%         7
 Discord                  Hex            10%        N/A       100%        8
 Necromutation            Tmut/Necr      27%        N/A       100%        8
 Polar Vortex             Ice            10%        N/A       100%        9
 Statue Form              Tmut/Erth      Unusable   N/A       N/A         6

Dungeon Overview and Level Annotations

Branches:
Dungeon (15/15)            Temple (0/1) D:6            Lair (6/6) D:9
 Shoals (4/4) Lair:4       Spider (4/4) Lair:3        Slime (0/5) Lair:5
    Orc (2/2) D:9             Elf (0/3) Orc:2        Vaults (2/5) D:13
 Depths (0/5) D:15        Ossuary (visited)         Volcano (visited)
  Crypt: Vaults:2-3

Altars:
Cheibriados
Elyvilon
Gozag
Kikubaaqudgha
Makhleb
Ru
Trog
Uskayaw
Vehumet
Xom
Yredelemnul
Jiyva

Shops:
D:2 ?   D:5 *   D:6 *   D:15 !   Orc:1 (   Orc:2 *:?([   Shoals:3 [(*[(
Shoals:4 *

Portals:
Abyss: Spider:4
Trove: D:14 (give whip of Beogh's Benevolence)

Annotations:
Shoals:1 2 transporters, quino's ghost, adept FoFi
Spider:4 2 transporters, iishen's ghost, adept CeHu


Innate Abilities, Weirdness & Mutations

You are immune to sickness and miasma.
Your stone body is resilient. (AC +14)
You are immune to poison.
Your large and strong wings let you fly.
You resist negative energy. (rN+)
You are resistant to electric shocks. (rElec)
You are resistant to unholy torment.
You are immune to petrification.
You have a beak for a mouth.


Message History

You hear a shout!
The centaur warrior shoots an arrow.
The arrow completely misses you.
The centaur warrior shoots an arrow.
You block the arrow.
You hear a shout!
The centaur warrior shoots an arrow.
The arrow hits you but does no damage.
The centaur warrior shoots an arrow.
The arrow hits you.
The centaur warrior shoots an arrow.
You block the arrow.
You hear a shout!
The centaur warrior shoots an arrow.
The arrow hits you but does no damage.
The centaur warrior shoots an arrow.
The arrow hits you!
The centaur warrior shoots an arrow.
The arrow hits you.
The centaur warrior shoots an arrow.
The arrow hits you!
The centaur warrior shoots an arrow.
You block the arrow.
The centaur warrior shoots an arrow.
The arrow closely misses you.
The tengu reaver gestures at you while chanting.
The bolt of lightning hits you! You resist.
* * * LOW HITPOINT WARNING * * *
The centaur warrior shoots an arrow.
The arrow hits you but does no damage.
The centaur warrior shoots an arrow.
You block the arrow.
The centaur warrior shoots an arrow.
You block the arrow. The tengu reaver casts a spell at you.
The bolt of lightning hits you! You resist.
* * * LOW HITPOINT WARNING * * *
The centaur warrior shoots an arrow.
The arrow hits you.
* * * LOW HITPOINT WARNING * * *
The centaur warrior shoots an arrow.
The arrow hits you but does no damage.
The centaur warrior shoots an arrow.
The arrow hits you but does no damage.
The vault sentinel blows a loud note on a signal horn!
The centaur warrior shoots an arrow.
The arrow hits you but does no damage.
The centaur warrior shoots an arrow.
You block the arrow.
The vault sentinel points at you and mumbles some strange words.
You resist with some effort.
The centaur warrior shoots an arrow.
The arrow hits you but does no damage.
The centaur warrior shoots an arrow.
The arrow hits you!!
* * * LOW HITPOINT WARNING * * *
There is an open door, spattered with blood here.
You see here an ugly thing skeleton.
The tengu reaver points at you and mumbles some strange words.
The bolt of acid hits you!!
You die...

#.......#
#.......#############
#.......#...#...#...#
#...c...#.#.#.#.#.#.#
#.......#...#...#...#
#.......#'###.#.#'###
#......c#...........#
###...pcc.#.#.#.#.#.#.#
..........#.@.......<.#
.........Q#÷###.#.#####
..........#.).#...#...
..........#.#.#.#.#.#.#
..........Q...#...'...#
..........#############
##.......# #.......#
#....)..#


You could see a tengu reaver.

Vanquished Creatures
  Xtahua (Vaults:2)
  Nikola (Shoals:3)
  A kraken (Shoals:2)
  Agnes (Spider:4)
  A fenstrider witch (Shoals:2)
  Kirke (Spider:4)
  Roxanne (Shoals:3)
  8 emperor scorpions
  2 orc warlords
  6 ghost moths
  The ghost of Nordron the Fighter, a journeyman DjIE of Makhleb (D:11)
  Louise (Spider:3)
  Aizul (Spider:4)
  2 ironbound preservers (Vaults:1)
  A stone giant (Vaults:1)
  4 entropy weavers
  2 spark wasps (Spider:4)
  The ghost of sanka the Spry, a journeyman SpTm of Okawaru (Orc:2)
  Snorg (Orc:2)
  A merfolk javelineer (Shoals:4)
  9 merfolk impalers
  An ettin (D:12)
  The ghost of Hiezim the Thaumaturge, a journeyman DECj of Vehumet (Lair:6)
  A yaktaur captain (Vaults:1)
  A rakshasa (D:15)
  12 hydras
  2 merfolk avatars
  An ice dragon (Lair:6)
  Erolcha (Orc:1)
  A catoblepas (Lair:3)
  3 alligator snapping turtles
  5 merfolk aquamancers
  4 two-headed ogres
  7 boulder beetles
  6 centaur warriors
  A dancing weapon (Volcano)
  9 death yaks
  2 satyrs (Shoals:4)
  A death knight (D:12)
  5 orc high priests
  Nergalle (Lair:1)
  14 sea snakes
  8 deep trolls (Vaults:1)
  2 fire crabs (shapeshifter)
  A harpy (shapeshifter) (D:13)
  A lindwurm (Lair:3)
  A kraken simulacrum (Shoals:4)
  2 ironbound convokers (Vaults:1)
  39 wolf spiders
  7 harpies
  9 wizards
  2 necromancers
  An oklob plant (Lair:3)
  2 orc knights (Orc:1)
  13 orb spiders
  12 ugly things
  A shining eye (shapeshifter) (D:14)
  A moth of wrath (shapeshifter) (D:13)
  6 cyclopes
  12 fauns
  3 orc sorcerers
  5 toenail golems (Volcano)
  15 manticores
  A moth of wrath (Spider:3)
  11 black mambas
  Maurice (Orc:1)
  10 elephants (Lair:6)
  A vault sentinel (Vaults:1)
  7 water nymphs
  4 torpor snails
  9 merfolk sirens
  2 naga magi (D:15)
  A gargoyle (D:11)
  13 cane toads
  An unseen horror (D:10)
  9 rime drakes
  2 centaur skeletons (D:15)
  An efreet (D:15)
  A rime drake (shapeshifter) (D:15)
  8 komodo dragons
  17 demonic crawlers
  2 yaktaurs (D:12)
  26 merfolk
  6 trolls
  A queen bee (Spider:3)
  6 meliai
  37 jumping spiders
  8 hornets
  A polar bear (Lair:6)
  6 blink frogs (Lair:6)
  8 wind drakes
  A blink frog (shapeshifter) (D:13)
  5 slime creatures (D:14)
  10 snapping turtles
  4 dream sheep
  Sigmund (D:2)
  101 redbacks
  47 tarantellas
  7 wyverns
  5 water elementals
  A shadow (D:9)
  56 yaks
  A wraith (D:12)
  8 basilisks
  A fire bat (shapeshifter) (D:15)
  4 fire bats (Lair:4)
  A hog (Spider:4)
  Grum (D:8)
  18 vampire mosquitoes
  2 steam dragons
  A catoblepas simulacrum (Lair:6)
  Menkaure (D:6)
  6 wargs
  3 acid dragons
  A two-headed ogre zombie (D:9)
  20 water moccasins
  2 hydra simulacra (Lair:6)
  29 orc warriors
  A meliai simulacrum (D:15)
  3 sky beasts
  3 ice beasts
  21 wolves
  3 boggarts (D:14)
  A black mamba simulacrum (Lair:6)
  10 ogres
  20 centaurs
  3 phantoms (D:6)
  2 kobold brigands (D:8)
  10 bullfrogs
  42 scorpions
  A gnoll sergeant (D:6)
  2 cane toad simulacra (Lair:6)
  A wyvern skeleton (D:7)
  3 water moccasin zombies (Ossuary)
  A troll zombie (D:9)
  33 killer bees
  3 howler monkeys (D:9)
  6 electric eels
  A komodo dragon simulacrum (Lair:6)
  6 centaur zombies
  4 hounds
  Crazy Yiuf (D:3)
  3 jellies
  A bullfrog skeleton (D:4)
  10 orc priests
  2 bullfrog zombies
  Terence (D:3)
  An iguana (D:7)
  Natasha (thrice) (D:2)
  24 orc wizards
  2 polar bear simulacra (Lair:2)
  2 yak simulacra (Lair:2)
  A killer bee zombie (D:8)
  2 wolf simulacra (Lair:2)
  6 ogre zombies (D:9)
  A hound zombie (D:5)
  A hound skeleton (D:5)
  2 mummies (Ossuary)
  A howler monkey zombie (D:9)
  Robin (D:3)
  3 gnolls
  9 adders
  A shadow imp (D:6)
  2 white imps (D:6)
  4 adder zombies
  8 worms
  4 dart slugs
  62 orcs
  7 ball pythons
  A bat zombie (D:14)
  5 endoplasms
  7 giant cockroaches
  13 goblins
  10 hobgoblins
  4 jackals (D:2)
  3 quokkas
  8 bats
  4 frilled lizards
  4 gnoll zombies (Ossuary)
  2 goblin skeletons (D:9)
  2 goblin zombies (D:9)
  A hobgoblin skeleton (D:9)
  5 hobgoblin zombies
  10 kobolds
  5 kobold zombies (Ossuary)
  18 orc zombies
  4 rats
  A rat zombie (D:14)
  5 river rat simulacra (Lair:2)
  A bush (Lair:3)
  3 butterflies (D:5)
  2 tentacles (Shoals:2)
1269 creatures vanquished.

Vanquished Creatures (others)
  An orb spider (Spider:4)
  A redback (Spider:4)
  A shadow (D:9)
  An orc priest (Orc:1)
  3 goblin zombies (D:9)
  5 orc zombies (D:9)
  A bush (Lair:6)
  66 fungi
  132 plants
  5 tentacles
216 creatures vanquished.

Grand Total: 1485 creatures vanquished

Notes
Turn   | Place    | Note
-------+----------+-------------------------------------------
     0 | D:1      | tilp the Gargoyle Earth Elementalist began the quest for
                  | the Orb.
     0 | D:1      | Reached XP level 1. HP: 10/10 MP: 3/3
   160 | D:1      | Reached skill level 4 in Earth Magic
   299 | D:1      | Reached XP level 2. HP: 15/15 MP: 1/5
   436 | D:1      | Found a faded altar of an unknown god.
  1074 | D:2      | Found a radiant altar of Vehumet.
  1092 | D:2      | Became a worshipper of Vehumet
  1208 | D:2      | Reached skill level 5 in Earth Magic
  1208 | D:2      | Reached XP level 3. HP: 19/19 MP: 4/6
  1211 | D:2      | Learned a level 2 spell: Passwall
  1215 | D:2      | Learned a level 3 spell: Stone Arrow
  1266 | D:2      | Noticed Sigmund
  1343 | D:2      | Noticed Natasha
  1345 | D:2      | Killed Natasha
  1346 | D:2      | Reached skill level 1 in Conjurations
  1346 | D:2      | Reached XP level 4. HP: 24/24 MP: 4/7
  1354 | D:2      | Found Muazeomu's Magic Scroll Emporium.
  1365 | D:2      | Noticed Natasha
  1378 | D:2      | Killed Natasha
  1513 | D:2      | Noticed Natasha
  1523 | D:2      | Killed Natasha
  1662 | D:2      | Reached XP level 5. HP: 28/28 MP: 4/8
  1673 | D:2      | Reached skill level 6 in Earth Magic
  2092 | D:2      | Reached skill level 1 in Shields
  2714 | D:3      | Reached * piety under Vehumet
  2714 | D:3      | Offered knowledge of Magic Dart by Vehumet.
  2817 | D:3      | Noticed Terence
  2829 | D:3      | Killed Terence
  3049 | D:3      | Noticed Robin
  3082 | D:3      | Killed Robin
  3437 | D:3      | Reached XP level 6. HP: 32/32 MP: 9/9
  3802 | D:3      | Found a runed translucent door.
  3803 | D:3      | Noticed Crazy Yiuf
  3912 | D:3      | Killed Crazy Yiuf
  4353 | D:4      | Reached ** piety under Vehumet
  4353 | D:4      | Offered knowledge of Foxfire by Vehumet.
  5051 | D:5      | Entered Level 5 of the Dungeon
  5071 | D:5      | Noticed a sky beast
  5087 | D:4      | Reached skill level 1 in Transmutations
  5087 | D:4      | Reached XP level 7. HP: 35/36 MP: 4/10
  5165 | D:5      | Found a radiant altar of Vehumet.
  5210 | D:5      | Found a runed translucent door.
  5225 | D:5      | Found a runed translucent door.
  5329 | D:5      | Reached skill level 1 in Evocations
  5411 | D:5      | Found Tedukh's Lightly-Used Armoury.
  5417 | D:5      | Bought a -2 demon whip for 65 gold pieces
  5421 | D:5      | Found a snail-covered altar of Cheibriados.
  6253 | D:5      | Reached XP level 8. HP: 41/41 MP: 5/12
  6258 | D:5      | Learned a level 4 spell: Petrify
  6550 | D:5      | Learned a level 2 spell: Blink
  6712 | D:6      | Found a bloodstained altar of Trog.
  6719 | D:6      | Reached skill level 5 in Conjurations
  6787 | D:6      | Reached skill level 7 in Earth Magic
  6836 | D:6      | Noticed Menkaure
  6845 | D:6      | Killed Menkaure
  6846 | D:6      | Reached skill level 1 in Translocations
  7266 | D:6      | Reached XP level 9. HP: 45/45 MP: 2/14
  7323 | D:6      | Found Gozag's Platinum Reserve.
  7326 | D:6      | Found an opulent altar of Gozag.
  7834 | D:6      | Found a staircase to the Ecumenical Temple.
  8128 | D:2      | Killed Sigmund
  8377 | D:7      | Reached skill level 8 in Earth Magic
  8726 | D:7      | Offered knowledge of Dazzling Flash by Vehumet.
  9104 | D:7      | Noticed a two-headed ogre
  9138 | D:7      | Reached skill level 1 in Fighting
  9138 | D:7      | Reached skill level 1 in Maces & Flails
  9275 | D:7      | Reached *** piety under Vehumet
  9430 | D:7      | Offered knowledge of Fulminant Prism by Vehumet.
  9518 | D:7      | Reached XP level 10. HP: 33/55 MP: 7/16
  9691 | D:7      | Killed a two-headed ogre
 10196 | D:8      | Reached skill level 5 in Fighting
 10203 | D:8      | Found a white marble altar of Elyvilon.
 10266 | D:8      | Found a shimmering altar of Xom.
 10327 | D:8      | Found a sand-covered staircase.
 10334 | Ossuary  | Entered an ossuary
 10424 | Ossuary  | Reached **** piety under Vehumet
 10459 | Ossuary  | Offered knowledge of Iskenderun's Battlesphere by Vehumet.
 10471 | Ossuary  | Learned a level 5 spell: Iskenderun's Battlesphere
 11188 | D:8      | Identified the +2 robe of Roil Nohuriwk {rElec rF- Int+6}
 11210 | D:8      | Noticed Grum
 11549 | D:8      | Killed Grum
 11780 | D:2      | Bought a scroll of brand weapon for 260 gold pieces
 12447 | D:9      | Found a staircase to the Orcish Mines.
 12581 | D:9      | Reached ***** piety under Vehumet
 12608 | D:9      | Offered knowledge of Spellforged Servitor by Vehumet.
 12665 | D:9      | Found a staircase to the Lair.
 12679 | D:9      | Reached XP level 11. HP: 71/71 MP: 13/17
 13017 | D:9      | Identified a scroll of acquirement
 13017 | D:9      | Acquired the ring of Conversion {rPois rC+ Dex+3 Slay+4}
 13069 | D:10     | Entered Level 10 of the Dungeon
 13288 | D:10     | Reached skill level 10 in Fighting
 13475 | D:10     | Reached skill level 5 in Spellcasting
 13586 | D:10     | Noticed a fire crab
 13591 | D:10     | Killed a fire crab
 13591 | D:10     | HP: 2/72 [something (21)]
 14808 | D:11     | Noticed an eight-headed hydra
 14819 | D:11     | Noticed a boulder beetle
 14830 | D:11     | Killed a boulder beetle
 14987 | D:11     | Killed an eight-headed hydra
 15214 | D:11     | Noticed a two-headed ogre
 15221 | D:11     | Killed a two-headed ogre
 15431 | D:11     | Found a runed translucent gate.
 15431 | D:11     | Found a runed translucent gate.
 15431 | D:11     | Found a runed translucent gate.
 15431 | D:11     | Noticed Nordron's ghost (journeyman DjIE)
 15433 | D:11     | Found a basalt altar of Yredelemnul.
 15463 | D:11     | Reached XP level 12. HP: 71/77 MP: 24/24
 15661 | Lair:1   | Entered Level 1 of the Lair of Beasts
 15665 | Lair:1   | Reached skill level 9 in Earth Magic
 16046 | Lair:1   | Identified the +5 scale mail of the Cockatrice {Regen+
                  | Int+2 Dex-3}
 16406 | Lair:1   | Reached skill level 10 in Earth Magic
 16536 | Lair:1   | Noticed Nergalle
 16542 | Lair:1   | Killed Nergalle
 16630 | Lair:1   | Offered knowledge of Freezing Cloud by Vehumet.
 16749 | Lair:1   | Identified the amulet of the Sparrow {Faith rC- Will+
                  | Regen+}
 17175 | Lair:2   | Noticed a boulder beetle
 17181 | Lair:2   | Killed a boulder beetle
 17182 | Lair:2   | Reached skill level 10 in Spellcasting
 17182 | Lair:2   | Reached skill level 11 in Earth Magic
 17310 | Lair:2   | Noticed a four-headed hydra
 17320 | Lair:2   | Noticed a five-headed hydra
 17321 | Lair:2   | Noticed a death yak
 17737 | Lair:2   | Reached skill level 12 in Earth Magic
 17765 | Lair:2   | Killed a five-headed hydra
 17886 | Lair:2   | Noticed a death yak
 17896 | Lair:2   | Noticed a death yak
 17897 | Lair:2   | Noticed a death yak
 17908 | Lair:2   | Killed a death yak
 17909 | Lair:2   | Reached XP level 13. HP: 82/82 MP: 14/27
 17963 | Lair:2   | Reached skill level 5 in Maces & Flails
 18369 | Lair:2   | You fall into a shaft and drop 1 floor!
 19246 | Lair:3   | Reached skill level 5 in Dodging
 19406 | Lair:3   | Found a hole to the Spider Nest.
 20131 | Lair:3   | Offered knowledge of Bolt of Magma by Vehumet.
 20305 | Lair:3   | Got Mnoleg's Volume of Companions
 20748 | Lair:4   | Found a staircase to the Shoals.
 20757 | Lair:4   | Found a dark tunnel.
 20785 | Volcano  | Entered a volcano
 21144 | Volcano  | Reached skill level 10 in Maces & Flails
 21144 | Volcano  | Gained mutation: Your large and strong wings let you fly.
                  | [Gargoyle growth]
 21144 | Volcano  | Reached XP level 14. HP: 88/88 MP: 6/28
 21369 | Lair:4   | Identified the +8 hand axe "Edoumesh" {vamp, rF+ MP+9
                  | Int+4}
 23488 | Lair:5   | Offered knowledge of Yara's Violent Unravelling by Vehumet.
 23615 | Lair:5   | Found a staircase to the Slime Pits.
 23615 | Lair:5   | Found a viscous altar of Jiyva.
 24616 | Lair:6   | Entered Level 6 of the Lair of Beasts
 24967 | Lair:6   | Identified the +4 quarterstaff "Xaxzolaa" {flame, Fly rF++
                  | Str+4}
 25709 | Lair:6   | Reached skill level 13 in Earth Magic
 25869 | Lair:6   | Found a runed translucent gate.
 25870 | Lair:6   | Found a runed translucent gate.
 25871 | Lair:6   | Found a runed translucent gate.
 25881 | Lair:6   | Learned a level 5 spell: Bolt of Magma
 25922 | Lair:6   | Identified the +2 rapier of Osmatiagg {vorpal, Will+}
 26118 | Lair:6   | Reached skill level 1 in Fire Magic
 26132 | Lair:6   | Reached XP level 15. HP: 70/92 MP: 29/29
 26543 | Lair:6   | Reached skill level 10 in Conjurations
 26676 | Lair:6   | Noticed Hiezim's ghost (journeyman DECj)
 26895 | Lair:6   | Learned a level 5 spell: Irradiate
 27083 | D:5      | Offered knowledge of Ozocubu's Refrigeration by Vehumet.
 27180 | Orc:1    | Entered Level 1 of the Orcish Mines
 27351 | Orc:2    | Entered Level 2 of the Orcish Mines
 27898 | Orc:2    | Found a staircase to the Elven Halls.
 27915 | Orc:2    | Found a large runed translucent door.
 27915 | Orc:2    | Found a large runed translucent door.
 28170 | Orc:2    | Noticed sanka's ghost (journeyman SpTm)
 28205 | Orc:2    | Found Zeaff's Antique Armour Boutique.
 28258 | Orc:2    | Found Quudin's Antique Weapon Emporium.
 28330 | Orc:2    | Noticed an orc warlord
 28533 | Orc:2    | Found Foohahon's General Store.
 28585 | Orc:1    | HP: 3/92 [orc knight (22)]
 28782 | Orc:1    | Offered knowledge of Lee's Rapid Deconstruction by Vehumet.
 29184 | Orc:1    | Killed an orc warlord
 29447 | Orc:2    | Found Uhuloec's Book Shoppe.
 29496 | Orc:2    | Found Amoehug's Magic Scroll Emporium.
 29765 | Orc:2    | Bought the Grimoire of Dusty Shape Shifting for 750 gold
                  | pieces
 29798 | Orc:2    | Bought an embroidered cloak for 255 gold pieces
 29798 | Orc:2    | Bought a twisted robe for 193 gold pieces
 29798 | Orc:2    | Identified the +0 robe of Duloesa {Harm Rampage rC+} (You
                  | bought it in a shop on level 2 of the Orcish Mines)
 29849 | Orc:2    | Bought 2 scrolls of enchant armour for 180 gold pieces
 29857 | Orc:2    | Learned a level 5 spell: Lee's Rapid Deconstruction
 29899 | Orc:1    | Noticed Snorg
 29899 | Orc:1    | Noticed Maurice
 29916 | Orc:2    | Killed Snorg
 30348 | Orc:1    | Killed Maurice
 30539 | Orc:1    | Noticed Erolcha
 30541 | Orc:1    | Killed Erolcha
 30542 | Orc:1    | Reached skill level 14 in Earth Magic
 30694 | Orc:1    | Noticed an orc warlord
 30728 | Orc:2    | Killed an orc warlord
 30918 | Orc:1    | Found Ulyvvan's Antique Weapon Shop.
 31170 | D:12     | Reached skill level 5 in Fire Magic
 32218 | D:12     | Identified the ring of the Messenger {MP+9 Dex+3}
 32749 | D:13     | Found a gate to the Vaults.
 33657 | D:13     | Learned a level 6 spell: Iron Shot
 33787 | D:14     | Reached XP level 16. HP: 97/97 MP: 13/32
 33788 | D:14     | Reached skill level 15 in Earth Magic
 34050 | D:14     | Offered knowledge of Starburst by Vehumet.
 34077 | D:14     | Reached skill level 5 in Evocations
 34542 | D:14     | You are sucked into a shaft and drop 1 floor!
 34542 | D:15     | Entered Level 15 of the Dungeon
 34595 | D:15     | Found Jayzoaschu's Distillery.
 34608 | D:15     | Found a hide-covered altar of Uskayaw.
 34652 | D:15     | Found a burning altar of Makhleb.
 34960 | D:14     | Found an ancient bone altar of Kikubaaqudgha.
 35058 | D:14     | Found a portal to a secret trove of treasure.
 35687 | D:15     | Found a staircase to the Depths.
 36244 | Orc:2    | Killed sanka's ghost
 36510 | D:11     | Killed Nordron's ghost
 36845 | Lair:6   | Reached skill level 1 in Armour
 36859 | Lair:6   | Killed Hiezim's ghost
 37115 | Spider:1 | Entered Level 1 of the Spider Nest
 37187 | Spider:1 | Gained mutation: You sometimes lose the ability to read
                  | scrolls when taking damage. [mutagenic glow]
 37278 | Spider:1 | Reached ****** piety under Vehumet
 37278 | Spider:1 | Gained mutation: Your magical capacity is low. (-10% MP)
                  | [mutagenic glow]
 37306 | Spider:1 | Offered knowledge of Fire Storm by Vehumet.
 37306 | Spider:1 | Offered knowledge of Ignition by Vehumet.
 37306 | Spider:1 | Offered knowledge of Maxwell's Capacitive Coupling by
                  | Vehumet.
 37773 | Spider:1 | Reached XP level 17. HP: 105/105 MP: 23/29
 38372 | Orc:2    | Bought a pair of boots for 153 gold pieces
 38609 | Spider:2 | Lost mutation: You sometimes lose the ability to read
                  | scrolls when taking damage. [potion of mutation]
 38609 | Spider:2 | Lost mutation: Your magical capacity is low. (-10% MP)
                  | [potion of mutation]
 38609 | Spider:2 | Gained mutation: You have a beak for a mouth. [potion of
                  | mutation]
 40183 | Spider:3 | Reached skill level 5 in Transmutations
 40595 | Spider:3 | Noticed Louise
 40634 | Spider:3 | Killed Louise
 41879 | Spider:3 | Learned a level 5 spell: Borgnjor's Vile Clutch
 41897 | Spider:4 | Entered Level 4 of the Spider Nest
 42155 | Spider:4 | Found a transporter.
 42159 | Spider:4 | Noticed a tentacled starspawn
 42224 | Spider:4 | Found a transporter.
 42226 | Spider:4 | Noticed a tentacled starspawn
 42233 | Spider:4 | Found a one-way gate to the infinite horrors of the Abyss.
 42233 | Spider:4 | Noticed a Hell Sentinel
 42233 | Spider:4 | Noticed iishen's ghost (adept CeHu)
 42247 | Spider:4 | Noticed a tentacled starspawn
 42626 | Spider:4 | Noticed Agnes
 42635 | Spider:4 | Killed Agnes
 42636 | Spider:4 | Reached XP level 18. HP: 53/112 MP: 15/34
 42765 | Spider:4 | Noticed Kirke
 42771 | Spider:4 | Killed Kirke
 42789 | Spider:4 | Reached skill level 16 in Earth Magic
 43074 | Spider:4 | Noticed Aizul
 43078 | Spider:4 | Killed Aizul
 44018 | Spider:4 | Got a gossamer rune of Zot
 44172 | Shoals:1 | Entered Level 1 of the Shoals
 45034 | Shoals:1 | Noticed quino's ghost (adept FoFi)
 45039 | Shoals:1 | Found a transporter.
 45145 | Shoals:1 | Found a transporter.
 45182 | Shoals:1 | Identified the ring of Heutised {rN+ Will+ Str+6}
 46891 | Shoals:2 | Identified the +0 leather armour of Cheibriados's Esteem
                  | {rC+ Dex+3}
 48280 | Shoals:3 | Found a shimmering altar of Xom.
 48285 | Shoals:3 | Reached XP level 19. HP: 111/116 MP: 30/36
 48558 | Shoals:3 | Found Reynnut's General Store.
 48568 | Shoals:3 | Bought a scroll of enchant weapon for 120 gold pieces
 48580 | Shoals:3 | Reached skill level 17 in Earth Magic
 48708 | Shoals:3 | Found a sacrificial altar of Ru.
 48754 | Shoals:3 | Found Gousmiat's Antique Weapon Emporium.
 48759 | Shoals:3 | Noticed Roxanne
 48766 | Shoals:3 | Killed Roxanne
 48949 | Shoals:3 | Noticed Nikola
 48955 | Shoals:3 | Killed Nikola
 49405 | Shoals:3 | Found Peiciese's Antique Armour Shop.
 49410 | Shoals:3 | Found Jemed's Weapon Shop.
 49413 | Shoals:3 | Bought a pair of runed gloves for 255 gold pieces
 49432 | Shoals:3 | Found Cihuxalidgh's Antique Armour Shop.
 49445 | Shoals:3 | Bought an embroidered cloak for 360 gold pieces
 49610 | Shoals:4 | Entered Level 4 of the Shoals
 50065 | Shoals:4 | Reached skill level 1 in Necromancy
 50350 | Shoals:4 | Found Lygucs's Mayhem Merchandise.
 50976 | Shoals:4 | Got the Grimoire of Transmigration
 51173 | Shoals:4 | Got a barnacled rune of Zot
 51927 | Shoals:4 | Learned a level 8 spell: Lehudib's Crystal Spear
 52181 | Vaults:1 | Entered Level 1 of the Vaults
 53966 | Vaults:2 | Noticed Xtahua
 53969 | Vaults:2 | Killed Xtahua
 54212 | Vaults:2 | Killed from afar by a tengu reaver

Illustrated notes

Levels and vault maps discovered:
D:1:      mrwooster_arrival_statue_2, layout_loops_ring,
          hellmonk_ecumenical_altar_zigzags, chequers_serial_rivers_micro_e,
          corner_web_ring
D:2:      layout_loops_corners, serial_forest, infiniplex_forest_lined_2,
          infiniplex_forest_corner_1, infiniplex_forest_end_1,
          infiniplex_forest_corner_2, infiniplex_forest_fountain,
          infiniplex_forest_end_double, serial_shops, nicolae_shop_statue_plus,
          basic_altar, minmay_tetromino_o4, uniq_natasha, uniq_sigmund
D:3:      layout_rooms, serial_curves, eino_curves_01, eino_curves_03,
          uniq_robin, uniq_terence, uniq_crazy_yiuf_cottage
D:4:      layout_basic, amcnicky_mini_rare_corridor_liquid, st_stairs_3,
          kennysheep_dice
D:5:      lemuel_insect_pit, layout_loops_ring, mainiacjoe_overflow_alcove_4,
          cheibriados_altar_1, minmay_fountain_box,
          chequers_serial_rivers_micro_b, minmay_shop_damaged
D:6:      layout_cave_pools, nicolae_gozag_zags_fifth_avenue,
          mainiacjoe_overflow_small_starburst,
          minmay_temple_entry_enclosed_plants, roderic_roman_lattice,
          moated_statue, uniq_menkaure
D:7:      layout_cave_pools, minmay_joined_circles
D:8:      cheibrodos_helix_gallery, layout_gridville,
          nicolae_elyvilon_peaceful_grove, mainiacjoe_overflow_alcove_2,
          enter_ossuary_1, kennysheep_generic_room_8, uniq_grum
D:9:      layout_rooms, lair_entry_dummy, zombieorc2_lemuel
D:10:     layout_loops_ring
D:11:     layout_cave_pools, nicolae_yredelemnul_ghost_church
D:12:     minmay_shrinking_squares, layout_cave_pods
D:13:     layout_irregular_city, david_vaults_2
D:14:     layout_roguey, nicolae_trove_entry_diagonal, minivault_23,
          lemuel_zombie_altar_kikubaaqudgha
D:15:     grunt_enter_depths_magical_seal, layout_cave_pools, serial_shops,
          nicolae_shop_crystal, nicolae_uskayaw_murder_on_the_dancefloor,
          makhleb_altar_promises_db
Lair:1:   layout_small_grid, uniq_nergalle
Lair:2:   layout_chaotic_city, eino_house_with_fridge, grunt_megastairs_1
Lair:3:   layout_small_grid, nicolae_spider_entry_non_spiders,
          minmay_lair_oklob_bushes
Lair:4:   layout_gridlike, elwin_shoals_entry_rocks,
          nicolae_volcano_entry_two_sided, minivault_19,
          kennysheep_basilisk_garden
Lair:5:   layout_cave_pods, slime_altar_1, infiniplex_staircase_pool_2
Lair:6:   gammafunk_lair_ancient_temple, layout_gridlike, gammafunk_ghost_icy,
          serial_bayou_pond_c
Shoals:1: layout_shoals, ebering_ghost_davey_jones
Shoals:2: layout_shoals, nicolae_shoals_beach_house_on_fowls_legs
Shoals:3: layout_shoals, serial_shops, shop, shop, shop, shop,
          nicolae_shop_window_shopping, nicolae_shoals_lost_giant_baths,
          hangedman_feature_mirror, uniq_roxanne, uniq_nikola
Shoals:4: shoals_end_grunt_ice, layout_shoals, minmay_shop_mayhem
Spider:1: spiders_nest_a
Spider:2: cheibrodos_spider_silkery
Spider:3: layout_chambers, special_room [special_room_bee],
          hangedman_spider_tarantella_strand, uniq_louise
Spider:4: spider_rune_water, gammafunk_ghost_abyssal_escape, uniq_agnes,
          uniq_kirke, uniq_aizul
Orc:1:    layout_caves, serial_shops, nicolae_square_shop, uniq_snorg,
          uniq_maurice, uniq_erolcha
Orc:2:    grunt_orc_gardens, layout_caves, grunt_orc_garden, grunt_orc_garden,
          grunt_orc_garden, grunt_orc_garden, ebering_ghost_disaster_area,
          serial_shops, shop
Vaults:1: nicolae_vaults_little_ls, nicolae_vaults_angled_halls,
          ontoclasm_vaults_ligature, nicolae_vaults_angled_halls,
          vaults_dpeg_cross, vaults_dpeg_ring, layout_vaults_quadrants
Vaults:2: grunt_vaults_trifunnel, ontoclasm_vaults_hangar,
          nicolae_vaults_asterisk, v_alt_pattern_2, v_pattern_5,
          nicolae_vaults_theta, ontoclasm_vaults_pinch,
          minmay_crypt_entry_simple_box, layout_vaults_big_room, uniq_xtahua,
          uniq_jory

Skill      XL: |  1  2  3  4  5  6  7  8  9 10 11 12 13 14 15 16 17 18 19 |
---------------+----------------------------------------------------------+-----
Earth Magic    | 4 5 6 7 8 12 13 14 15 16 17 | 17.8
Conjurations   | 1 2 3 4 5 6 7 8 9 10 11 12 13 | 13.7
Shields        | 2 4 |  4.0
Transmutations | 1 2 4 5 7 8 |  8.0
Evocations     | 2 3 4 8 |  8.0
Spellcasting   | 3 4 8 10 12 13 14 | 14.3
Translocations | 2 4 |  4.0
Fighting       | 2 9 10 11 12 | 12.0
Maces & Flails | 2 4 10 12 | 12.0
Dodging        | 2 3 6 7 8 |  8.0
Stealth        | 3 4 |  4.0
Fire Magic     | 1 6 7 8 |  8.0
Armour         | 4 |  4.0
Necromancy     | 3 |  3.9

Action                   |  1- 3 |  4- 6 |  7- 9 | 10-12 | 13-15 | 16-18 | 19-21 || total
-------------------------+-------+-------+-------+-------+-------+-------+-------++-------
Melee: Unarmed           |     9 |     6 |       |       |       |       |       ||    15
       Dagger            |       |   252 |    36 |       |       |       |       ||   288
       Demon whip        |       |       |   138 |   481 |   498 |  1242 |   219 ||  2578
       Peck              |       |       |       |       |       |   132 |    37 ||   169
Throw: Dart              |       |       |     2 |     3 |     4 |       |       ||     9
 Cast: Sandblast         |    35 |    29 |       |    20 |    95 |       |       ||   179
       Stone Arrow       |       |    13 |   109 |   189 |   380 |     8 |       ||   699
       Iskenderun's Batt |       |       |       |    11 |    52 |       |       ||    63
       Blink             |       |       |       |     1 |     4 |     3 |       ||     8
       Petrify           |       |       |       |       |    15 |     1 |     6 ||    22
       Lee's Rapid Decon |       |       |       |       |    14 |    28 |    21 ||    63
       Bolt of Magma     |       |       |       |       |    12 |     6 |    17 ||    35
       Irradiate         |       |       |       |       |    11 |    35 |       ||    46
       Iron Shot         |       |       |       |       |     4 |   294 |   101 ||   399
       Borgnjor's Vile C |       |       |       |       |       |     3 |     3 ||     6
       Lehudib's Crystal |       |       |       |       |       |       |     2 ||     2
Evoke: Wand              |       |       |       |     3 |     1 |     4 |       ||     8
       Phantom mirror    |       |       |       |       |       |     1 |     1 ||     2
       Box of beasts     |       |       |       |       |       |     1 |       ||     1
  Use: Scroll            |     1 |     9 |     3 |    17 |     8 |    11 |     2 ||    51
       Potion            |       |       |       |     1 |     1 |     2 |       ||     4
 Stab: Sleeping          |       |     8 |     1 |     4 |     3 |     1 |       ||    17
       Petrified         |       |       |       |       |    25 |       |     7 ||    32
       Petrifying        |       |       |       |       |     7 |       |       ||     7
       Distracted        |       |       |       |       |       |     3 |       ||     3
Armor: Robe              |    14 |   117 |   121 |   259 |   273 |   817 |   136 ||  1737
Dodge: Dodged            |    21 |   152 |   114 |   268 |   318 |   808 |   142 ||  1823
Block: Buckler           |       |       |    64 |   173 |   125 |   415 |    91 ||   868
